 Dungeon Crawl Stone Soup version 0.31.0-11-ge490571c62 (webtiles) character file.

Game seed: 17025198864598888566

161 greynaab the Cutter (level 5, 0/49 HPs)
             Began as a Kobold Berserker on Jan 30, 2024.
             Was a Believer of Trog.
             Splashed by a jelly's acid (9 damage)
             ... in a sewer.
             The game lasted 00:04:24 (2120 turns).

greynaab the Cutter (Kobold Berserker)              Turns: 2120, Time: 00:04:24

Health: 0/49       AC: -9    Str: 14    XL:     5   Next: 70%
Magic:  5/5        EV: 14    Int:  9    God:    Trog [**....]
Gold:   132        SH:  0    Dex: 16    Spells: 4/4 levels left

rFire   . . .        a - +2 short sword (venom)
rCold   . . .        (no shield)
rNeg    . . .        f - +0 ring mail
rPois   .            (no helmet)
rElec   .            (no cloak)
rCorr   .            e - +0 pair of gloves
SInv    .            (no boots)
Will    ++...        (no amulet) Stlth
                     (no ring)
HPRegen 1.28/turn    (no ring)
MPRegen 0.09/turn

%: no passive effects
@: berserking, strong-willed, corroded, regenerating, very quick
A: small, no large weapons, nightstalker 3
a: Renounce Religion, Berserk, Trog's Hand


You were in a sewer.
You worshipped Trog.
Trog was pleased with you.
You visited 1 branch of the dungeon, and saw 3 of its levels.
You also visited: Sewer.

You collected 132 gold pieces.

Inventory:

Hand Weapons
 a - a +2 short sword of venom (weapon)
Missiles
 j - 3 boomerangs (quivered)
 n - 6 poisoned darts
Armour
 e - a +0 pair of gloves (worn)
 f - a +0 ring mail (worn)
Jewellery
 s - a ring of ice
Wands
 g - a wand of mindburst (21)
Scrolls
 c - a scroll of teleportation
 o - 2 scrolls of poison
 r - a scroll of enchant armour {unknown}
 u - a scroll of blinking {unknown}
Potions
 b - 2 potions of heal wounds {unknown}
 d - 4 potions of might {unknown}
 h - a potion of berserk rage {unknown}
 i - 2 potions of brilliance {unknown}
 k - a potion of lignification {unknown}
 l - a potion of enlightenment {unknown}
 m - 3 potions of invisibility {unknown}
 p - 4 potions of haste {unknown}
 q - a potion of curing {unknown}
 t - a potion of mutation {unknown}


   Skills:
 + Level 4.0 Fighting
 * Level 5.6 Short Blades
 - Level 1.5 Armour
 + Level 3.3 Dodging
 * Level 4.0 Stealth


You had 4 spell levels left.
You didn't know any spells.
Your spell library was empty.

Dungeon Overview and Level Annotations

Branches:
Dungeon (3/15) Zot: 16155   Sewer (1/1) Zot: 5753

Altars:
Nemelex Xobeh


Innate Abilities, Weirdness & Mutations

You are small and have problems with some larger weapons.
You are completely attuned to the shadows.


Message History

Trog accepts your kill.
Your Stealth skill increases to level 4!
A frilled lizard comes into view.
The jelly hits you but does no damage.
You see here a river rat corpse.
You hit the jelly. The acid corrodes you!
Your hands burn!
The jelly is moderately wounded.
The jelly misses you.
You hit the jelly.
Your hands burn!
The jelly is heavily wounded.
You hit the jelly. The acid corrodes you!
Your hands burn!
The jelly is heavily wounded.
The jelly misses you.
You hit the jelly. The acid corrodes you!
Your hands burn!
The jelly is heavily wounded.
The jelly hits you.
You are splashed with acid!
Your skin crawls.
You feel strong-willed. The jelly hits you. The acid corrodes you!
You are splashed with acid.
* * * LOW HITPOINT WARNING * * *
Unknown command.
Okay, then.
Aiming: Mindburst
Press: ? - help, Shift-Dir - straight line, f - you
Okay, then.
Unknown command.
Unknown command.
A red film seems to cover your vision as you go berserk!
You feel yourself moving faster!
You feel mighty!
The frilled lizard hisses angrily.
The jelly misses you.
You hit the jelly but do no damage.
The jelly is poisoned.
Your hands burn!
* * * LOW HITPOINT WARNING * * *
The jelly is heavily wounded.
You completely miss the jelly.
The jelly is heavily wounded.
The jelly hits you.
* * * LOW HITPOINT WARNING * * *
You are splashed with acid!
You die...

#..#.~~####.~~#
####~.##..##..~~.#
##.†.~..####.~~~~##
#~.~~.~..##~.~.###
~...###......~##..
.~~##.##†~~~~##.~.
#.~#...##.~~~#.~l##
#~~##~...††..##.J~##
#.~~##~~~~..~~##@~~#
##∩~..~~.~~#~.~#..~#
##....#~..##~~~.~##
# ######~~####~..##
#######~..# #####
~..#~....##
.~†.~~~.## #..~.~###
##...##


You could see a jelly (very poisoned) and a frilled lizard.

Vanquished Creatures
  A jelly (Sewer)
  Ijyb (D:3)
  2 adders
  A river rat (Sewer)
  2 ribbon worms
  A dart slug (D:2)
  4 bats
  7 endoplasms
  6 giant cockroaches
  4 goblins (D:1)
  4 hobgoblins (D:2)
  8 jackals
  2 quokkas (D:1)
  7 ball pythons
  5 frilled lizards
  5 kobolds
  7 rats
67 creatures vanquished.

Notes
Turn   | Place    | Note
-------+----------+-------------------------------------------
     0 | D:1      | greynaab the Kobold Berserker began the quest for the Orb.
     0 | D:1      | Reached XP level 1. HP: 14/14 MP: 1/1
    69 | D:1      | Reached skill level 1 in Stealth
    81 | D:1      | Reached XP level 2. HP: 19/19 MP: 2/2
   746 | D:1      | Reached XP level 3. HP: 22/23 MP: 3/3
  1158 | D:2      | Reached ** piety under Trog
  1235 | D:2      | You fall into a shaft and drop 1 floor!
  1412 | D:2      | Reached XP level 4. HP: 29/29 MP: 4/4
  1533 | D:2      | Found a sparkling altar of Nemelex Xobeh.
  1842 | D:3      | Noticed Ijyb
  1853 | D:3      | Killed Ijyb
  1854 | D:3      | Reached skill level 5 in Short Blades
  1864 | D:3      | Found a glowing drain.
  1880 | Sewer    | Entered a sewer
  1972 | Sewer    | Reached XP level 5. HP: 33/33 MP: 5/5
  2049 | Sewer    | Found a viscous altar of Jiyva.
  2120 | Sewer    | Splashed by a jelly's acid

Illustrated notes

Levels and vault maps discovered:
D:1:      dpeg_arrival_orchard, layout_basic
D:2:      layout_rooms, basic_altar
D:3:      layout_loops_corners, marbit_many_paths, cheibrodos_sewer_entry_bend,
          small_statue_intersection, grunt_ministairs_8,
          uniq_crazy_yiuf_cottage, uniq_robin, uniq_natasha, uniq_ijyb
Sewer:    sewer_hellmonk_slimy_pipes

Skill      XL: |  1  2  3  4  5 |
---------------+----------------+-----
Stealth        | 1 2 3 4 |  4.0
Short Blades   | 5 |  5.6
Dodging        | 3 |  3.3
Fighting       | 4 |  4.0
Armour         | |  1.5

Action                     |  1- 3 |  4- 6 || total
---------------------------+-------+-------++-------
  Melee: Short sword       |   119 |    97 ||   216
         Punch             |     1 |       ||     1
 Invoke: Berserk           |       |     2 ||     2
         Trog's Hand       |       |     2 ||     2
    Use: Scroll            |       |     4 ||     4
   Stab: Sleeping          |    10 |     7 ||    17
 Armour: Animal skin       |     3 |       ||     3
         Ring mail         |    31 |    43 ||    74
  Dodge: Dodged            |    66 |    70 ||   136
